General information
- name: BNet
- type: Ladder team game (AT/RT)
- host: Battle.net
- saver: TheDragonsHoard
map: GolemsInTheMist
- players: 8
- length: 24:52
- speed: Fast
- version: 1.26 W3XP
- replay type: Public
» download(161 KB)
Players
team 1 (loser)
Dorian12 (
purple | 52 APM | 1294 actions | 24:51)
5 Mountain King
2 Storm Bolt
3 Thunder Clap
3 Paladin
2 Holy Light
1 Divine Shield
3 Archmage
2 Summon Water Elemental
1 Brilliance Aura
» actions
| Assign group hotkey | 32 | |
| Basic commands | 82 | |
| Build / train | 80 | |
| ESC pressed | 2 | |
| Enter build submenu | 27 | |
| Enter hero's abilities submenu | 11 | |
| Give item / drop item | 5 | |
| Right click | 326 | |
| Select / deselect | 197 | |
| Select group hotkey | 420 | |
| Use ability | 112 | |
1294 total
» units
| Peasant | 9 | |
| Rifleman | 12 | |
| Mortar Team | 4 | |
| Siege Engine | 3 | |
28 total
» upgrades
| Gunpowder | 3 | |
| Armor | 3 | |
| Masonry | 2 | |
| Long Rifles | 1 | |
| Flare | 1 | |
| Fragmentation Shards | 1 | |
| Barrage | 1 | |
| Lumber Harvesting | 1 | |
13 total
» buildings
| Altar of Kings | 1 | |
| Farm | 13 | |
| Scout Tower | 7 | |
| Arcane Tower | 5 | |
| Barracks | 1 | |
| Blacksmith | 1 | |
| Lumber Mill | 1 | |
| Arcane Vault | 1 | |
| Keep | 1 | |
| Castle | 2 | |
| Workshop | 3 | |
| Guard Tower | 1 | |
37 total
» build order
00:42 Altar of Kings
00:46 Farm
00:48 Farm
00:57 Scout Tower
01:23 Arcane Tower
01:23 Arcane Tower
01:24 Arcane Tower
01:58 Barracks
02:01 Blacksmith
02:15 Farm
02:18 Farm
03:14 Lumber Mill
03:24 Scout Tower
03:27 Scout Tower
03:30 Scout Tower
03:40 Farm
03:43 Farm
03:57 Arcane Tower
04:00 Arcane Vault
05:29 Keep
05:45 Farm
05:49 Farm
09:10 Castle
09:22 Workshop
09:26 Workshop
09:28 Workshop
09:32 Farm
09:32 Farm
09:32 Farm
09:33 Farm
09:33 Farm
19:27 Scout Tower
19:29 Scout Tower
19:34 Scout Tower
21:05 Guard Tower
» items
| Scroll of Town Portal | 4 | |
| Scroll of Regeneration | 2 | |
| Orb of Fire | 2 | |
8 total

»
Canadian_Monk (
teal | 54 APM | 1202 actions | 22:08)
5 Keeper of the Grove
3 Force of Nature
2 Entangling Roots
3 Priestess of the Moon
2 Trueshot Aura
1 Searing Arrows
» actions
| Build / train | 76 | |
| Enter build submenu | 21 | |
| Enter hero's abilities submenu | 8 | |
| Remove unit from queue | 2 | |
| Right click | 601 | |
| Select / deselect | 442 | |
| Use ability | 52 | |
1202 total
» units
| Wisp | 22 | |
| Huntress | 8 | |
| Chimaera | 8 | |
| Hippogryph | 3 | |
| Rifleman | 2 | |
| Druid of the Talon | 6 | |
49 total
» upgrades
| Strength of the Wild | 3 | |
| Reinforced Hides | 3 | |
| Sentinel | 1 | |
| Druid of the Talon Training | 2 | |
| Upgrade Moon Glaive | 1 | |
| Corrosive Breath | 1 | |
| Mark of the Talon | 1 | |
12 total
» buildings
| Moon Well | 8 | |
| Altar of Elders | 1 | |
| Ancient of War | 2 | |
| Hunter's Hall | 1 | |
| Tree of Life | 2 | |
| Tree of Ages | 1 | |
| Tree of Eternity | 1 | |
| Ancient of Wind | 2 | |
| Chimaera Roost | 3 | |
| Castle | 1 | |
| Town Hall | 1 | |
| Ancient of Wonders | 1 | |
24 total
» build order
00:20 Moon Well
00:34 Altar of Elders
00:51 Ancient of War
01:35 Moon Well
02:13 Hunter's Hall
02:28 Ancient of War
02:39 Moon Well
03:24 Moon Well
04:39 Tree of Life
05:20 Tree of Ages
06:58 Moon Well
07:44 Tree of Eternity
07:48 Ancient of Wind
10:19 Chimaera Roost
10:20 Chimaera Roost
10:23 Chimaera Roost
10:27 Moon Well
11:11 Castle
12:30 Moon Well
12:32 Moon Well
13:07 Town Hall
13:30 Ancient of Wonders
13:58 Ancient of Wind
15:31 Tree of Life

»
KiD-Uub (
orange | 40 APM | 842 actions | 21:04)
4 Mountain King
1 Thunder Clap
2 Storm Bolt
1 Bash
4 Paladin
2 Holy Light
1 Divine Shield
1 Devotion Aura
» actions
| Assign group hotkey | 9 | |
| Build / train | 42 | |
| Enter build submenu | 19 | |
| Enter hero's abilities submenu | 8 | |
| Remove unit from queue | 1 | |
| Right click | 309 | |
| Select / deselect | 275 | |
| Select group hotkey | 120 | |
| Use ability | 59 | |
842 total
» units
| Peasant | 8 | |
| Rifleman | 10 | |
| Gryphon Rider | 5 | |
23 total
» upgrades
| Armor | 2 | |
| Long Rifles | 2 | |
| Storm Hammers | 1 | |
5 total
» buildings
| Altar of Kings | 1 | |
| Farm | 9 | |
| Blacksmith | 1 | |
| Barracks | 2 | |
| Scout Tower | 1 | |
| Arcane Tower | 1 | |
| Arcane Vault | 1 | |
| Keep | 1 | |
| Castle | 1 | |
| Lumber Mill | 1 | |
| Gryphon Aviary | 2 | |
21 total
» build order
00:08 Altar of Kings
00:22 Farm
00:59 Farm
01:36 Blacksmith
01:39 Barracks
01:50 Barracks
01:55 Scout Tower
02:25 Farm
02:58 Arcane Tower
03:03 Farm
03:08 Arcane Vault
04:11 Keep
05:02 Farm
05:05 Farm
07:02 Farm
07:06 Castle
07:41 Farm
08:18 Lumber Mill
09:41 Gryphon Aviary
10:18 Gryphon Aviary
11:14 Farm
» items

»
hiema (
green | 26 APM | 256 actions | 09:57)
2 Mountain King
1 Storm Bolt
1 Bash
» actions
| Assign group hotkey | 5 | |
| Basic commands | 4 | |
| Build / train | 31 | |
| Enter build submenu | 14 | |
| Enter hero's abilities submenu | 2 | |
| Right click | 75 | |
| Select / deselect | 83 | |
| Select group hotkey | 18 | |
| Use ability | 24 | |
256 total
» units
| Peasant | 17 | |
| Footman | 3 | |
| Rifleman | 4 | |
24 total
» buildings
| Altar of Kings | 1 | |
| Farm | 6 | |
| Barracks | 1 | |
| Lumber Mill | 1 | |
| Arcane Vault | 1 | |
| Blacksmith | 2 | |
| Keep | 1 | |
| Town Hall | 2 | |
15 total
» build order
00:29 Altar of Kings
00:40 Farm
00:54 Barracks
01:14 Lumber Mill
01:20 Farm
02:03 Arcane Vault
02:08 Farm
02:53 Blacksmith
03:45 Blacksmith
05:03 Keep
05:28 Farm
06:19 Farm
08:40 Town Hall
08:57 Farm
09:31 Town Hall
» items
| Scroll of Regeneration | 1 | |
| Mechanical Critter | 1 | |
2 total
team 2 (winner)

»
WutWutInMyButt (
yellow | 29 APM | 725 actions | 24:51)
5 Blademaster
2 Wind Walk
3 Critical Strike
4 Tauren Chieftain
2 Endurance Aura
2 War Stomp
» actions
| Assign group hotkey | 11 | |
| Build / train | 54 | |
| Enter build submenu | 18 | |
| Enter hero's abilities submenu | 9 | |
| Give item / drop item | 1 | |
| Right click | 297 | |
| Select / deselect | 232 | |
| Select group hotkey | 47 | |
| Use ability | 56 | |
725 total
» units
| Peon | 7 | |
| Grunt | 4 | |
| Wind Rider | 8 | |
| Troll Batrider | 6 | |
25 total
» upgrades
| Pillage | 1 | |
| Armor | 2 | |
| Ranged Weapons | 2 | |
| Envenomed Spears | 1 | |
| Reinforced Defenses | 1 | |
| Liquid Fire | 1 | |
8 total
» buildings
| Altar of Storms | 1 | |
| Orc Burrow | 6 | |
| Barracks | 1 | |
| Voodoo Lounge | 1 | |
| War Mill | 1 | |
| Stronghold | 1 | |
| Beastiary | 2 | |
| Watch Tower | 4 | |
| Fortress | 1 | |
| Great Hall | 1 | |
19 total
» build order
00:09 Altar of Storms
00:13 Orc Burrow
00:41 Barracks
01:54 Orc Burrow
02:20 Voodoo Lounge
03:14 War Mill
04:06 Orc Burrow
04:08 Stronghold
06:13 Orc Burrow
07:03 Beastiary
07:08 Beastiary
07:37 Watch Tower
07:40 Watch Tower
07:44 Watch Tower
08:52 Orc Burrow
08:56 Fortress
13:43 Orc Burrow
14:48 Watch Tower
21:19 Great Hall
» items
| Healing Salve | 4 | |
| Lesser Clarity Potion | 1 | |
| Scroll of Town Portal | 2 | |
| Orb of Lightning | 1 | |
8 total
ZEROZEROMAN (
blue | 79 APM | 1966 actions | 24:51)
4 Far Seer
2 Feral Spirit
2 Chain Lighting
3 Tauren Chieftain
2 War Stomp
1 Endurance Aura
» actions
| Assign group hotkey | 48 | |
| Basic commands | 12 | |
| Build / train | 68 | |
| ESC pressed | 4 | |
| Enter build submenu | 28 | |
| Enter hero's abilities submenu | 7 | |
| Give item / drop item | 4 | |
| Right click | 1077 | |
| Select / deselect | 288 | |
| Select group hotkey | 274 | |
| Use ability | 156 | |
1966 total
» units
| Peon | 11 | |
| Raider | 11 | |
| Wind Rider | 1 | |
| Spirit Walker | 3 | |
| Shaman | 7 | |
33 total
» upgrades
| Ensnare | 1 | |
| Shaman Training | 2 | |
| Witch Doctor Training | 1 | |
4 total
» buildings
| Altar of Storms | 1 | |
| War Mill | 1 | |
| Orc Burrow | 6 | |
| Watch Tower | 11 | |
| Stronghold | 1 | |
| Voodoo Lounge | 2 | |
| Beastiary | 2 | |
| Spirit Lodge | 1 | |
| Fortress | 1 | |
| Great Hall | 1 | |
27 total
» build order
00:14 Altar of Storms
00:25 War Mill
00:42 Orc Burrow
02:22 Watch Tower
02:41 Stronghold
02:47 Voodoo Lounge
03:23 Orc Burrow
04:01 Watch Tower
05:24 Beastiary
05:28 Beastiary
05:41 Spirit Lodge
06:10 Fortress
06:57 Orc Burrow
08:01 Orc Burrow
13:51 Orc Burrow
13:53 Orc Burrow
18:07 Watch Tower
18:11 Watch Tower
19:36 Great Hall
19:40 Watch Tower
19:43 Watch Tower
20:46 Watch Tower
20:48 Watch Tower
21:45 Watch Tower
22:19 Voodoo Lounge
23:23 Watch Tower
23:24 Watch Tower
» items
| Healing Salve | 6 | |
| Lesser Clarity Potion | 6 | |
| Scroll of Speed | 3 | |
| Scroll of Town Portal | 1 | |
16 total
TheDragonsHoard (
pink | 118 APM | 2933 actions | 24:52)
8 Blademaster
3 Wind Walk
3 Critical Strike
1 Bladestorm
1 Mirror Image
» actions
| Assign group hotkey | 316 | |
| Basic commands | 22 | |
| Build / train | 83 | |
| Enter build submenu | 52 | |
| Enter hero's abilities submenu | 8 | |
| Give item / drop item | 2 | |
| Remove unit from queue | 2 | |
| Right click | 1311 | |
| Select / deselect | 413 | |
| Select group hotkey | 496 | |
| Use ability | 228 | |
2933 total
» units
| Peon | 8 | |
| Grunt | 3 | |
| Goblin Shredder | 5 | |
| Troll Batrider | 16 | |
| Wind Rider | 6 | |
38 total
» upgrades
| Ranged Weapons | 3 | |
| Armor | 3 | |
| Liquid Fire | 1 | |
| Reinforced Defenses | 1 | |
| Troll Regeneration | 1 | |
| Envenomed Spears | 1 | |
10 total
» buildings
| Orc Burrow | 4 | |
| Altar of Storms | 1 | |
| Barracks | 1 | |
| Voodoo Lounge | 1 | |
| Stronghold | 1 | |
| War Mill | 1 | |
| Watch Tower | 35 | |
| Beastiary | 7 | |
| Great Hall | 3 | |
| Fortress | 1 | |
55 total
» build order
00:13 Orc Burrow
00:38 Altar of Storms
00:53 Barracks
01:21 Orc Burrow
01:43 Voodoo Lounge
02:59 Stronghold
03:36 Orc Burrow
04:20 War Mill
04:25 Orc Burrow
05:36 Watch Tower
05:37 Watch Tower
05:39 Watch Tower
06:13 Beastiary
06:26 Beastiary
06:40 Great Hall
07:00 Watch Tower
07:42 Watch Tower
07:58 Fortress
08:06 Watch Tower
08:11 Watch Tower
08:15 Watch Tower
11:27 Watch Tower
11:29 Watch Tower
11:40 Great Hall
12:55 Watch Tower
12:56 Watch Tower
12:57 Watch Tower
12:58 Watch Tower
14:40 Beastiary
14:41 Beastiary
14:42 Beastiary
15:30 Beastiary
15:30 Beastiary
16:03 Watch Tower
16:04 Watch Tower
16:06 Watch Tower
16:08 Watch Tower
16:09 Watch Tower
18:39 Watch Tower
18:40 Watch Tower
18:40 Watch Tower
18:41 Watch Tower
18:42 Watch Tower
18:42 Watch Tower
20:40 Great Hall
20:43 Watch Tower
20:44 Watch Tower
22:28 Watch Tower
22:28 Watch Tower
22:28 Watch Tower
24:48 Watch Tower
24:49 Watch Tower
24:49 Watch Tower
24:50 Watch Tower
» items
| Healing Salve | 4 | |
| Lesser Clarity Potion | 3 | |
| Scroll of Town Portal | 3 | |
| Potion of Mana | 5 | |
| Potion of Healing | 3 | |
| Orb of Lightning | 1 | |
19 total

»
YaYaC (
red | 33 APM | 809 actions | 24:51)
4 Keeper of the Grove
1 Force of Nature
2 Entangling Roots
1 Thorns Aura
3 Priestess of the Moon
1 Scout
1 Trueshot Aura
1 Searing Arrows
2 Demon Hunter
1 Mana Burn
1 Immolation
» actions
| Assign group hotkey | 27 | |
| Basic commands | 33 | |
| Build / train | 85 | |
| Enter build submenu | 23 | |
| Enter hero's abilities submenu | 9 | |
| Give item / drop item | 2 | |
| Remove unit from queue | 3 | |
| Right click | 162 | |
| Select / deselect | 209 | |
| Select group hotkey | 171 | |
| Use ability | 84 | |
809 total
» units
| Wisp | 24 | |
| Archer | 7 | |
| Huntress | 3 | |
| Dryad | 14 | |
| Druid of the Claw | 1 | |
49 total
» upgrades
| Ultravision | 1 | |
| Strength of the Moon | 1 | |
| Moon Armor | 1 | |
| Reinforced Hides | 2 | |
| Strength of the Wild | 2 | |
| Well Spring | 1 | |
| Abolish Magic | 1 | |
| Druid of the Claw Training | 2 | |
| Hardened Skin | 1 | |
| Resistant Skin | 1 | |
13 total
» buildings
| Altar of Elders | 2 | |
| Ancient of War | 1 | |
| Moon Well | 14 | |
| Hunter's Hall | 1 | |
| Ancient of Wonders | 1 | |
| Tree of Life | 4 | |
| Tree of Ages | 1 | |
| Tree of Eternity | 1 | |
| Ancient of Lore | 3 | |
| Ancient Protector | 1 | |
29 total
» build order
00:06 Altar of Elders
00:08 Ancient of War
00:10 Moon Well
02:07 Moon Well
02:13 Moon Well
02:49 Moon Well
02:51 Moon Well
02:53 Moon Well
05:51 Hunter's Hall
05:57 Ancient of Wonders
06:08 Tree of Life
06:34 Tree of Ages
07:43 Moon Well
10:24 Tree of Eternity
10:42 Ancient of Lore
10:44 Ancient of Lore
11:09 Moon Well
13:49 Ancient of Lore
14:51 Moon Well
14:53 Moon Well
17:37 Ancient Protector
18:37 Tree of Life
18:58 Altar of Elders
19:02 Moon Well
19:03 Moon Well
19:05 Moon Well
19:06 Moon Well
22:14 Tree of Life
22:23 Tree of Life
» items
| Scroll of Town Portal | 3 | |
| Orb of Lightning | 1 | |
| Scroll of Speed | 1 | |
| Healing Salve | 2 | |
7 total
Chat log
(00:21 / Allies) YaYaC: mass basic units
(00:22 / Allies) YaYaC: rush
(00:28 / Allies) YaYaC: meet in middle
(00:30 / Allies) TheDragonsHoard: I'm not feeling it
(00:33 / Allies) YaYaC: dust
(00:34 / Allies) TheDragonsHoard: I think we have some creative differences
(00:38 / Allies) YaYaC: dusk
(00:46 / Allies) TheDragonsHoard: I'm not rushing
(00:54 / Allies) YaYaC: this is a rush map
(00:59 / Allies) YaYaC: either us or them
(01:00 / Allies) ZEROZEROMAN: YEA
(01:03 / Allies) ZEROZEROMAN: HE RIGHT MY DUDE
(01:19 / Allies) TheDragonsHoard: You guys do what you want
(01:19 / Allies) ZEROZEROMAN: PINK IS WANNABE SOPHISTICATED NUB
(01:25 / Allies) ZEROZEROMAN: STUBBORN
(01:26 / Allies) ZEROZEROMAN: LOL
(01:33 / Allies) YaYaC: we lost
(01:36 / Allies) YaYaC: cc
(01:38 / Allies) TheDragonsHoard: Massing tier one for a cheap win isn't fun
(01:39 / Allies) ZEROZEROMAN: YEP
(01:44 / Allies) ZEROZEROMAN: THANKS TO PINI
(01:45 / Allies) WutWutInMyButt: this game used to be fun
(01:49 / Allies) WutWutInMyButt: now just fags
(01:55 / Allies) ZEROZEROMAN: UNTILL NOOBS LIKE PINK
(01:59 / Allies) TheDragonsHoard: Heh
(02:14 / Allies) TheDragonsHoard: You think it takes skill to mass tier 1 and overwhelm other team?
(02:23 / Allies) WutWutInMyButt: yes
(02:33 / Allies) ZEROZEROMAN: yes
(02:37 / Allies) TheDragonsHoard: No, you don't
(02:52 / Allies) WutWutInMyButt: does it take skill to tk?
(02:52 / Allies) ZEROZEROMAN: nub\
(03:04 / Allies) TheDragonsHoard: How am I tking?
(03:14 / Allies) TheDragonsHoard: because I don't want to rush?
(07:22 / Allies) WutWutInMyButt: here comes rush
(11:43 / Allies) ZEROZEROMAN: TP
(14:08 / All) TheDragonsHoard: dorian do you mh
(14:13 / All) TheDragonsHoard: I bet you do
(22:14 / All) ZEROZEROMAN: GG
(22:25 / All) Dorian12: Gg
(22:33 / Allies) TheDragonsHoard: now wasn't this mroe enjoyable
(22:48 / All) ZEROZEROMAN: no
(22:58 / All) TheDragonsHoard: you seriously prefer jsut massing tier 1
(23:11 / Allies) ZEROZEROMAN: yes]\
(23:18 / All) TheDragonsHoard: why